 Dungeon Crawl Stone Soup version bcrawl-1.40.3b (webtiles) character file.

Game seed: 17572919921104055964

106279 petercordia3 the Sneak (level 3, -7/40 HPs)
             Began as an Ent Archaeologist on Feb 22, 2024.
             Killed from afar by a crimson imp (10 damage)
             ... with a flame tongue
             ... summoned by Natasha
             ... on level 3 of the Dungeon.
             The game lasted 00:02:53 (2061 turns).

petercordia3 the Sneak (Ent Archaeologist)          Turns: 2061, Time: 00:02:54

Health: -7/40      AC: 11    Str: 18    XL:     3   Next: 94%
Magic:  3/3        EV: 10    Int: 15    God:
Gold:   137        SH:  0    Dex:  8    Spells: 2/2 levels left

rFire    . . .     GDR:     29% a - +1 whip (freeze)
rCold    . . .     SeeInvis .   (no shield)
rNeg     + + +     Gourm    +   (armour unavailable)
rPois    +         Faith    .   c - +1 hat
rElec    .         Spirit   .   (no cloak)
rCorr    .         Reflect  .   (gloves unavailable)
MR       .....                  (boots unavailable)
Stlth    ++........             j - amulet of the gourmand
HPRegen  0.16/turn              (no ring)
MPRegen  0.08/turn              (no ring)

@: slowed, very slow
A: large, slow actions, passwall, strong branches, negative energy resistance 3,
poison resistance, slow metabolism 1, torment resistance, unbreathing, AC +10
a: Passwall


You were on level 3 of the Dungeon.
You were hungry.

You visited 1 branch of the dungeon, and saw 3 of its levels.

You collected 137 gold pieces.

Inventory:

Hand Weapons
 a - a +1 whip of freezing (weapon)
 b - a +0 blowgun
 u - a +0 whip
 y - a +0 hunting sling
Missiles
 d - 6 curare-tipped needles
 n - 253 stones (quivered)
 o - 240 arrows
 s - 135 javelins
 w - 43 poisoned needles
Armour
 c - a +1 hat (worn)
Jewellery
 j - an amulet of the gourmand (around neck)
Scrolls
 g - 3 scrolls of revelation
 h - a scroll of teleportation {unknown}
 i - 2 scrolls of identify
 k - a scroll of blinking {unknown}
 p - a scroll of enchant weapon {unknown}
 q - a scroll of amnesia {unknown}
 v - a scroll of noise {unknown}
 x - a scroll of fog {unknown}
Potions
 l - a potion of mutation {unknown}
 m - 2 potions of haste {unknown}
 r - a potion of heal wounds {unknown}
 t - 3 potions of brilliance {unknown}
Miscellaneous
 f - a dusty tome
Comestibles
 e - 8 rations {!d}
 z - a chunk of flesh


   Skills:
 + Level 3.0 Fighting
 + Level 3.3 Maces & Flails
 - Level 2.6 Dodging
 - Level 3.6 Stealth


You had 2 spell levels left.
You didn't know any spells.
Your spell library was empty.

Dungeon Overview and Level Annotations

Branches:
Dungeon (3/12)

Altars:
Xom

Annotations:
D:3 Natasha


Innate Abilities, Weirdness & Mutations

You move and act slowly.
You can pass through walls and trees.
Your branches can wield two-handed weapons with a shield.
Your thick bark is tough. (AC +10)
You are too large for most types of armour.
You are immune to negative energy. (rN+++)
Your system is resistant to poisons. (rPois)
You have a slow metabolism.
You are immune to unholy pain and torment.
You can survive without breathing.


Message History

Natasha claws you but does no damage. Natasha closely misses you.
You hit Natasha. You freeze Natasha.
Natasha is almost dead.
Natasha claws you.
* * * LOW HITPOINT WARNING * * *
Natasha misses you. The crimson imp barely misses you.
Natasha claws you but does no damage.
You hit Natasha but do no damage.
Natasha is almost dead.
The crimson imp hits you but does no damage.
Natasha claws you but does no damage.
The crimson imp hits you but does no damage.
Natasha mumbles some strange words.
You are feeling hungry.
You closely miss Natasha.
Natasha is almost dead.
The crimson imp closely misses you. Natasha barely misses you.
The crimson imp breathes fire at you. The flame tongue hits you!
You die...

#.........#.#####.#
#..<......#..^.....
########>....##
#.##...###.##
#.....?......
####...###.## ##.##
##5## #@..#
#h#.....# #5..#####
#####


You could see Natasha and 2 crimson imps.

Vanquished Creatures
  An adder (D:3)
  3 worms (D:2)
  3 dart slugs
  An orc (D:2)
  A bat (D:2)
  2 giant cockroaches
  5 hobgoblins
  3 jackals (D:3)
  2 quokkas (D:2)
  A frilled lizard (D:2)
  5 goblins
  8 kobolds
  2 rats (D:1)
37 creatures vanquished.

Notes
Turn   | Place    | Note
-------+----------+-------------------------------------------
     0 | D:1      | petercordia3 the Ent Archaeologist began the quest for the
                  | Orb.
     0 | D:1      | Reached XP level 1. HP: 21/21 MP: 1/1
   251 | D:1      | Reached XP level 2. HP: 30/30 MP: 2/2
   822 | D:2      | Found a shimmering altar of Xom.
  1186 | D:2      | Reached XP level 3. HP: 36/39 MP: 3/3
  1237 | D:2      | Found an ancient bone altar of Kikubaaqudgha.
  2036 | D:3      | Noticed Natasha
  2059 | D:3      | HP: 2/40 [Natasha (3)]
  2061 | D:3      | Killed from afar by a crimson imp

Skill      XL: |  1  2  3 |
---------------+----------+-----
Maces & Flails | 2 3 |  3.3
Fighting       | 2 3 |  3.0
Dodging        | |  2.6
Stealth        | |  3.6

Action                   || total
-------------------------++-------
Melee: Whip              ||   200
 Abil: Passwall          ||     2
 Stab: Sleeping          ||     3
  Eat: Chunk             ||     9
Armor: Skin              ||   100
Dodge: Dodged            ||   129
